Cogmind - Beta 9.6 @@@ ROGUE MODE // 2020.05.13 @ 17:51:04 Player: RNGesus Result: Destroyed by D-53 Grenadier with Mini Grenade Launcher Performance ------------- Evolutions (0) 0 Regions Visited (2) 400 Robots Destroyed (21) 105 Value Destroyed (230) 230 Prototype IDs (0) 0 Alien Tech Used (0) 0 Bonus (0) 0 TOTAL SCORE: 735 Bonus ------- None Cogmind --------- Core Integrity 0/250 Matter 187/300 Energy 100/100 System Corruption 0% Temperature Cool (0) Movement Core (550) Ox10 Location -10/Mines Parts ------- > --- POWER (1) -------- (None) > --- PROPULSION (2) --- (None) > --- UTILITY (2) ------ Large Storage Unit Large Storage Unit > --- WEAPON (2) ------- Mini Grenade Launcher > --- INVENTORY (16) --- Improved Ion Engine Aluminum Leg Large Storage Unit High-capacity Storage Unit Improved Signal Interpreter Medium Armor Plating Medium Armor Plating Medium Armor Plating Small Laser Light Assault Rifle Mini Grenade Launcher Peak State ------------ > --- POWER ------------ Improved Ion Engine > --- PROPULSION ------- Aluminum Leg Aluminum Leg > --- UTILITY ---------- Large Storage Unit Large Storage Unit > --- WEAPON ----------- Light Assault Rifle Mini Grenade Launcher > --- INVENTORY -------- Improved Ion Engine Improved Ion Engine Light Treads Light Treads Aluminum Leg Large Storage Unit High-capacity Storage Unit Improved Signal Interpreter Medium Armor Plating Medium Armor Plating Medium Armor Plating Small Laser Light Assault Rifle Mini Grenade Launcher Mini Grenade Launcher [Rating: 11] Favorites ----------- Power Ion Engine Engine Ion Engine Propulsion Aluminum Leg Treads Light Treads Leg Aluminum Leg Utility Large Storage Unit Storage Large Storage Unit Weapon Light Assault Rifle Energy Gun Small Laser Ballistic Gun Light Assault Rifle Launcher Mini Grenade Launcher Build | -11 -10 -10 ------- Run | Scr Mat Min Slots Evolved . | . . . Power . | . . . Propulsion . | . . . Utility . | . . . Weapon . | . . . Parts Attached 19 | 5 6 8 Power 3 | 1 1 1 Engine 3 | 1 1 1 Core . | . . . Reactor . | . . . Propulsion 5 | 2 . 3 Treads 2 | . . 2 Leg 3 | 2 . 1 Wheel . | . . . Hover . | . . . Flight . | . . . Utility 4 | 1 3 . Device . | . . . Storage 4 | 1 3 . Processor . | . . . Hackware . | . . . Protection . | . . . Artifact . | . . . Weapon 7 | 1 2 4 Energy Gun 1 | . . 1 Energy Cannon . | . . . Ballistic Gun 4 | 1 2 1 Ballistic Cannon . | . . . Launcher 2 | . . 2 Special Weapon . | . . . Impact Weapon . | . . . Slashing Weapon . | . . . Piercing Weapon . | . . . Special Melee Weapon . | . . . Unidentified Prototypes . | . . . Parts Lost 10 | . . 10 Power 2 | . . 2 Propulsion 4 | . . 4 Utility . | . . . Weapon 4 | . . 4 Highest Loss Streak 8 | . . 8 Average Slot Usage (%) 95 | . 95 97 Engine 14 | . 14 14 Leg 27 | . 28 26 Storage 26 | . 26 28 Ballistic Gun 25 | . 25 24 Naked Turns . | . . . Heaviest Build 56 | 10 56 42 Greatest Support 20 | 20 20 20 Greatest Overweight (x) 3 | 3 2 2 Average Overweight (x) 1 | . 1 1 Largest Inventory Capacity 18 | 6 18 16 Average Capacity 14 | 5 14 16 Most Carried 16 | 3 16 16 Average Carried 8 | 1 5 15 Final Capacity 16 | 6 16 16 Final Carried 16 | 3 16 11 Class Distribution -------------------- 100% | Mutant Dominant Class ---------------- Mutant | -10/Materials Mutant | -10/Mines Resources | -11 -10 -10 ----------- Run | Scr Mat Min Matter Collected 472 | 184 219 69 Remotely . | . . . Salvage Created 385 | . 237 148 Parts 30 | . 22 8 Haulers Intercepted 1 | . 1 . Recyclers Shooed 1 | . 1 . Parts Field Recycled . | . . . Retrieved Matter . | . . . Parts Self-Destructed . | . . . Prevented . | . . . Kills | -11 -10 -10 ------- Run | Scr Mat Min Combat Hostiles Destroyed 17 | . 9 8 Guns 11 | . 9 2 AOE 6 | . . 6 Classes Destroyed 6 | . 4 2 Worker 2 | . 1 1 Tunneler 1 | . . 1 Hauler 1 | . 1 . Swarmer 7 | . 7 . Grunt 4 | . 2 2 Assembled 6 | . . 6 Best Kill Streak 6 | . 3 6 Combat Bots Only 6 | . 3 6 Max Kills in Single Turn 5 | . 1 5 Gunslinging . | . . . Exploded 5 | . . 5 Melee . | . . . Uniques/NPCs Destroyed . | . . . Combat | -11 -10 -10 -------- Run | Scr Mat Min Damage Taken 1490 | . 236 1254 Core 263 | . 47 216 Absorbed by Shields . | . . . Core Remaining (%) 100 | 100 . . Volleys Fired 53 | . 28 25 Largest 2 | . 2 2 Hottest 60 | . 40 60 Shots Fired 94 | . 53 41 Gun 84 | . 53 31 Cannon . | . . . Launcher 10 | . . 10 Special . | . . . Kinetic 79 | . 53 26 Thermal 5 | . . 5 Explosive 10 | . . 10 Electromagnetic . | . . . Robot Hit Streak 9 | . 9 9 Robot Miss Streak 5 | . 5 4 Penetration Max . | . . . Secondary Targets 2 | . 1 1 Max Gunslinging Chain 1 | . 1 1 Shots Hit Robots 53 | . 31 22 Core Hits 43 | . 17 26 Critical Hits . | . . . Critical Kills . | . . . Critical Parts Destroyed . | . . . Melee Attacks . | . . . Impact . | . . . Slashing . | . . . Piercing . | . . . Sneak Attacks . | . . . Combat Hostiles . | . . . Follow-up Attacks . | . . . Damage Inflicted 935 | . 339 596 Guns 519 | . 339 180 Cannons . | . . . Explosions 416 | . . 416 Melee . | . . . Ramming . | . . . Kinetic 475 | . 339 136 Thermal 44 | . . 44 Explosive 416 | . . 416 Electromagnetic . | . . . Impact . | . . . Slashing . | . . . Piercing . | . . . Highest Corruption . | . . . Average Corruption . | . . . Corruption Purged . | . . . Overload Shots . | . . . Overflow Damage 11 | . . 11 Projectiles . | . . . Explosions 11 | . . 11 Melee . | . . . Knockbacks . | . . . Impact . | . . . Kinetic . | . . . Secondary . | . . . Self-Inflicted Damage 48 | . . 48 Shots 1 | . . 1 Rammed . | . . . Targets Rammed . | . . . Kicked . | . . . Crushed . | . . . Highest Temperature 77 | . 6 77 Average Temperature 25 | . 6 26 Received Heat Transfer 132 | . 18 114 Siege Activations . | . . . Robots Corrupted . | . . . Combat Hostiles . | . . . Parts Fried . | . . . Impact Corruptions . | . . . Robots Melted . | . . . Combat Hostiles . | . . . Parts Melted . | . . . Heat Transferred 100 | . . 100 Parts Sabotaged . | . . . Parts Stolen . | . . . Parts Stripped . | . . . Power Chain Reactions . | . . . Missiles Intercepted . | . . . Alert | -11 -10 -10 ------- Run | Scr Mat Min Peak Influence 247 | . 247 77 Average Influence 58 | . 65 50 Maximum Alert Level 1 | . 1 . Low Security (%) 93 | 100 91 100 Level 1 6 | . 8 . Level 2 . | . . . Level 3 . | . . . Level 4 . | . . . Level 5 . | . . . High Security . | . . . Max Security . | . . . Squads Dispatched 1 | . 1 . Investigation . | . . . Extermination . | . . . Reinforcement 1 | . 1 . Assault . | . . . Garrison . | . . . Intercept . | . . . Construction Impeded . | . . . Haulers Reinforced . | . . . Stealth | -11 -10 -10 --------- Run | Scr Mat Min Distress Signals 1 | . 1 . Communications Jammed . | . . . Distress Signals . | . . . Times Spotted 27 | . 13 14 Peak Tracking Total 11 | . 3 11 Tactical Retreats 1 | . . 1 Traps | -11 -10 -10 ------- Run | Scr Mat Min Traps Triggered 1 | . 1 . Indirectly . | . . . Trap Hack Attempts . | . . . Triggered . | . . . Disarmed . | . . . Reprogrammed . | . . . Reused . | . . . Traps Extracted . | . . . Installed . | . . . Triggered . | . . . Machines | -11 -10 -10 ---------- Run | Scr Mat Min Machines Disabled . | . . . Max in Single Turn . | . . . Machines Sabotaged . | . . . Garrisons Compromised . | . . . Overloaded Fab Kills . | . . . Fab Network Shutdowns . | . . . Hacking | -11 -10 -10 --------- Run | Scr Mat Min Machines Accessed 1 | . 1 . Terminals 1 | . 1 . Fabricators . | . . . Repair Stations . | . . . Recycling Units . | . . . Scanalyzers . | . . . Garrison Access . | . . . Total Hacks 1 | . 1 . Successful 1 | . 1 . Failed . | . . . Catastrophic . | . . . Database Lockouts . | . . . Manual 1 | . 1 . Terminals 1 | . 1 . Fabricators . | . . . Repair Stations . | . . . Recycling Units . | . . . Scanalyzers . | . . . Garrison Access . | . . . Terminal Hacks 1 | . 1 . Branch Access Points 1 | . 1 . Fabricator Hacks . | . . . Repair Station Hacks . | . . . Recycling Unit Hacks . | . . . Scanalyzer . | . . . Garrison Access Hacks . | . . . Unauthorized Hacks . | . . . Terminals . | . . . Fabricators . | . . . Repair Stations . | . . . Recycling Units . | . . . Scanalyzers . | . . . Garrison Access . | . . . Data Cores Recovered . | . . . Used . | . . . Hacking Detections . | . . . Full Trace Events . | . . . Feedback Events . | . . . Feedback Blocked . | . . . Robot Schematics Acquired . | . . . Robots Built . | . . . Matter . | . . . Time . | . . . Total Robot Build Rating . | . . . Part Schematics Acquired . | . . . Parts Built . | . . . Matter . | . . . Time . | . . . Total Part Build Rating . | . . . Parts Repaired . | . . . Time . | . . . Parts Recycled . | . . . Recycled Matter . | . . . Retrieved Matter . | . . . Retrieved Components . | . . . Parts Scanalyzed . | . . . Part Schematics Acquired . | . . . Parts Damaged . | . . . Bothacking | -11 -10 -10 ------------ Run | Scr Mat Min Used RIF Installer . | . . . Robots Hacked . | . . . Non-combat . | . . . Combat . | . . . Robot Hacks Applied . | . . . Relay Couplers Released . | . . . Robots Rewired . | . . . Allies Hacked . | . . . Hacks Repelled . | . . . Allies | -11 -10 -10 -------- Run | Scr Mat Min Total Allies . | . . . Largest Group . | . . . Highest-Rated Group . | . . . Highest-Rated Ally . | . . . Total Orders . | . . . Ally Attacks . | . . . Total Damage . | . . . Kills . | . . . Allies Corrupted . | . . . Allies Melted . | . . . Intel | -11 -10 -10 ------- Run | Scr Mat Min Robot Analysis Total . | . . . Derelict Logs Recovered . | . . . Drone Launches . | . . . Drone Recoveries . | . . . Exploration | -11 -10 -10 ------------- Run | Scr Mat Min Turns Passed 1314 | 71 898 345 Spaces Moved 700 | 47 500 153 Core 14 | 14 . . Treads . | . . . Legs 686 | 33 500 153 Wheels . | . . . Hover . | . . . Flight . | . . . Fastest Speed 50 | 50 120 150 Average Speed 160 | 131 157 178 Slowest Speed 200 | 200 180 180 Overloaded Moves . | . . . Propulsion Burnouts . | . . . Robots Hopped . | . . . Cave-ins Triggered . | . . . Exploration Rate (%) 43 | 3 84 43 Regions Visited 2 Branch Regions 1 Pre-discovered Areas . | . . . Known Exits Taken 1 | . 1 . Unknown Exits Taken 1 | 1 . . Scrap Searched 1 | . . 1 Spaces Dug . | . . . Terrain Destroyed 33 | . . 33 Melee . | . . . Projectile . | . . . AOE 33 | . . 33 Actions | -11 -10 -10 --------- Run | Scr Mat Min Total 809 | 54 567 188 Wait 11 | . 11 . Move 698 | 46 499 153 Hop . | . . . Pick Up 20 | 3 16 1 Fast Attach 9 | 5 4 . Attach 7 | . 1 6 Detach 2 | . 2 . Swap 3 | . 1 2 Drop 6 | . 5 1 Fire 53 | . 28 25 Melee . | . . . Ram . | . . . Kick . | . . . Crush . | . . . Escape Stasis . | . . . Rewire . | . . . Trap . | . . . Miscellaneous . | . . . Route ------- -11/Scrapyard -10/Materials (discovered 4 exits: [*Mat x3] / *Min) -10/Mines (discovered 1 exit: [*Mat]) History --------- Turn | Location | Event 27 | -11/Scrapyard | Discovered new exit (range 15) 72 | -11/Scrapyard | Entered Materials 185 | -10/Materials | Discovered new exit (range 7) 215 | -10/Materials | Identified exit to Mines 312 | -10/Materials | Build established: Mutant 473 | -10/Materials | Discovered new exit (range 9) 806 | -10/Materials | Discovered new exit (range 15) 970 | -10/Materials | Entered Mines 1104 | -10/Mines | Discovered new exit (range 6) 1256 | -10/Mines | Assembled infested the area 1261 | -10/Mines | Assisted by a Guerilla fighting off Assembled 1293 | -10/Mines | Core integrity fell below 50% 1296 | -10/Mines | Core integrity fell below 20% 1315 | -10/Mines | Destroyed by D-53 Grenadier with Mini Grenade Launcher Last Messages --------------- 01289_ as-60966 destroyed. 01292_ as-55693 destroyed. 01293_ Imp. Ion Engine destroyed. 01293_ as-86631 destroyed. 01296_ Aluminum Leg destroyed. 01297_ The unstable cave ceiling collapses. 01298_ Lgt. Assault Rifle destroyed. 01298_ Aluminum Leg destroyed. 01300_ The unstable cave ceiling collapses. 01303_ as-01268 destroyed. 01303_ Destroyed Asb. F-torch. 01304_ The unstable cave ceiling collapses. 01305_ Mni. Grenade Launcher destroyed. 01309_ The unstable cave ceiling collapses. 01310_ D-53 Grenadier destroyed. 01311_ The unstable cave ceiling collapses. 01311_ Imp. Ion Engine destroyed. 01312_ The unstable cave ceiling collapses. 01313_ Lgt. Treads destroyed. 01314_ The unstable cave ceiling collapses. Map ----- +----------------------------------------------------+ | ??????# #???????????????????# #?## #?? | | ??????# ######??????????????# #??## #?? | | ??????#!*%| #??????????????# #???# ##?? | | ??????##### #??????????????# #???# #??? | | ??????????# #??????#########! #??? #?? | | ??????????# #??????# !%!#?? #?? | | ??????????# #??????# ! #?# ##?? | | ??????????# #??????# #########? ####??? | | ??????????# #??????# #????????? #??????? | | ??????????# #??????# #?????????? #???????? | | ??????????# #?###### #??????????? ????????? | | ??????????# ### ##???????????????????? | | ?????????## #???????????????????? | | ?????????# #???????????????????? | | ?????????# #???? ?????????????? | | ????????## != #??? ??????????????? | | ????##### #### ##? ???????????????? | | ???## ##??## ## ?#??????????????? | | ??## #????## ##?????????????? | | ?## ##????## ??????????????? | | ?# #???### # ??????????????? | | ?# ]% #???## # #??????????????? | | ?## #??## # ##??????????????? | | ??### #??# ###???????????????? | | ?????# #### # #?????????????????? | | ??????# ## @ #??????????????????? | | ??###?## # # #??????????????????? | | ?## ## ##??????????????????? | | ?# ##??????????????????? | | ?# ##???????????????????? | | ?# d ##????????????????????? | | ?## ! #?????????????????????? | | ??## #????????????????????? | | ???#### #?????????????????? | | ??????## #????????????????? | | ???????## # #????????????????? | | ????????#### ?# ####????????????????? | | ???????????### #??###???????????????????? | | ?????????????## #?????????????????????????? | | ???????????????# ????????????????????????? | | ???????????????# ???????????????????????? | | ???????????????## #??????????????????????? | | ????????????????? #??????????????????????? | | ????????????????? ####??????????????????????? | | ????????????????? ??????????????????????????? | | ????????????????????????????????????????????? | | ????????????????????????????????????????????? | | ????????????????????????????????????????????? | | ????????????????????????????????????????????? | | ????????????????????????????????????????????? | +----------------------------------------------------+ Best States ------------- Heat Dissipation 25 Energy Generation 12 Energy Capacity 265 Matter Stores 300 Matter Capacity 300 Sight Range 16 Terrain Scan Density 10 Evasion (%) 40 Recoil Reduction 2 Item Schematics ----------------- None Robot Schematics ------------------ None Fabricated ------------ Nothing Alien Tech Used ----------------- None Achievements -------------- None Challenges ------------ None Game ------ Seed SurveybotTransdimensionalLog Manual? 0 Play Time 00:07:36 Cumulative 221.7 hours Start 2020.05.13 @ 17:41:48 End 2020.05.13 @ 17:51:04 Sessions 1 Manual Loads 0 Difficulty Rogue Special Mode None Game No. 351 Rogue 351 Adventurer 0 Explorer 0 Win Type - Total 4 Types 2/0/1/1/0/0/0 Lore% 77 Gallery% 76 Achievement% 58 Wizard Run 0 Options --------- ASCII 0 Keyboard 1 Movement Numpad Keybinds 0 Fullscreen 2 Font 18/X11Bold Map View 76x50 Tactical HUD 1 Map Filters NONE Filters NONE Steam 1 RUN: bfea8f34-d471-4993-9914-076d22819ebd